 Dungeon Sprint DCSS version 0.29-a0-322-g68df515428 (webtiles) character file.

Game seed: 13083638092835049943

172 mhtbhm the Cudgeller (level 5, 0/59 HPs)
             Began as a Troll Berserker on Apr 9, 2022.
             Was a Priest of Trog.
             Succumbed to a scorpion's poison
             ... in the Dungeon (Sprint IX: "|||||||||||||||||||||||||||||").
             The game lasted 00:00:22 (141 turns).

mhtbhm the Cudgeller (Troll Berserker)               Turns: 141, Time: 00:00:23

Health: 0/59       AC:  4    Str: 27    XL:     5   Next: 27%
Magic:  4/4        EV: 11    Int:  3    God:    Trog [***...]
Gold:   0          SH:  0    Dex:  9    Spells: 4/4 levels left

rFire   . . .      SeeInvis .   a - +0 mace
rCold   . . .      Faith    .   (no shield)
rNeg    . . .      Spirit   .   b - +0 animal skin
rPois   .          Reflect  .   (helmet restricted)
rElec   .          Harm     .   (no cloak)
rCorr   .          Rampage  .   (gloves unavailable)
Will    .....      NoTele   +   (boots unavailable)
Stlth   +.........              (no amulet)
HPRegen 0.99/turn               (no ring)
MPRegen 0.09/turn               (no ring)

@: lethally poisoned (0 -> -13), on berserk cooldown, slowed, very slow
A: large, unfitting armour, claws 3, regeneration 1, shaggy fur 1, tough skin 1
a: Renounce Religion, Berserk, Trog's Hand


You were in the Dungeon.
You worshipped Trog.
Trog was most pleased with you.
You visited 1 branch

Inventory:

Hand Weapons
 a - a +0 mace (weapon)
Armour
 b - a +0 animal skin (worn)
Scrolls
 h - a scroll of blinking
Potions
 e - a potion of haste
 f - 2 potions of magic
 g - a potion of berserk rage


   Skills:
 + Level 6.0 Fighting
 + Level 6.2 Maces & Flails
 + Level 5.6 Dodging


You had 4 spell levels left.
You didn't know any spells.
Your spell library was empty.

Dungeon Overview and Level Annotations

Branches:
Dungeon (1/1)

Altars:


Innate Abilities, Weirdness & Mutations

You are too large for most types of armour.
You have claws for hands.
Your natural rate of healing is unusually fast.
You are covered in fur. (AC +1)
You have tough skin. (AC +1)


Message History

You are exhausted.
You feel yourself slow down.
You feel sick.
Your Fighting skill gained 2 levels and is now at level 6!
Your Maces & Flails skill increases to level 6!
Your Dodging skill increases to level 5!
You have reached level 5!
You feel better. The scorpion stings you.
* * * LOW HITPOINT WARNING * * *
The scorpion stings you.
* * * LOW HITPOINT WARNING * * *
You are poisoned.
The scorpion poisons you!
Unknown command.
You feel much better.
You feel very sick. The scorpion stings you.
You are more poisoned.
The scorpion poisons you!
The shadow imp lashes its tail.
The scorpion stings you.
You are more poisoned.
The scorpion poisons you!
Unknown command.
You sock the scorpion!
The scorpion is heavily wounded.
You feel extremely sick.
The scorpion stings you but does no damage.
The scorpion stings you.
* * * LOW HITPOINT WARNING * * *
You hit the scorpion.
The scorpion is almost dead.
* * * LOW HITPOINT WARNING * * *
You feel very sick. The scorpion stings you.
* * * LOW HITPOINT WARNING * * *
You are more poisoned.
The scorpion poisons you!
Okay, then.
The scorpion attacks as you move away! The scorpion closely misses you.
You die...

▓<▓
▓.▓
▓.▓
▓.▓
▓)▓
▓†▓
▓.▓
▓.▓
▓@▓
▓.▓
▓s▓
▓5▓
▓.▓
▓.▓
▓.▓
▓.▓
▓+▓


You could see a scorpion and a shadow imp.

Vanquished Creatures
  An ogre (D)
  A scorpion (D)
  A hound (D)
  A goblin (D)
  A hobgoblin (D)
  2 bats (D)
  A frilled lizard (D)
8 creatures vanquished.

Notes
Turn   | Place    | Note
-------+----------+-------------------------------------------
     0 | D        | mhtbhm the Troll Berserker began the quest for the Orb.
     0 | D        | Reached XP level 1. HP: 22/22 MP: 0/0
    10 | D        | Reached ** piety under Trog
   122 | D        | Noticed a scorpion
   122 | D        | Noticed a hound
   122 | D        | Noticed an ogre
   122 | D        | Noticed a scorpion
   131 | D        | Killed a scorpion
   132 | D        | Reached XP level 2. HP: 16/33 MP: 1/1
   132 | D        | Reached XP level 3. HP: 19/40 MP: 2/2
   133 | D        | Reached *** piety under Trog
   134 | D        | Reached skill level 5 in Maces & Flails
   134 | D        | Reached XP level 4. HP: 17/49 MP: 3/3
   136 | D        | Killed an ogre
   137 | D        | Reached skill level 5 in Dodging
   137 | D        | Reached XP level 5. HP: 10/59 MP: 4/4
   141 | D        | Succumbed to a scorpion's poison

Illustrated notes

Levels and vault maps discovered:
D:        linesprint [early_d, line_temple, items_1, d_10, items_2, lair_1,
          lair_end, items_3, orc_1, orc_end, items_4, d_15, swamp_1, shoals_1,
          snake_1, spider_1, d_20, vaults_1, items_5, swamp_end, shoals_end,
          snake_end, spider_end, vaults_end, d_27, items_6, zot_1, zot_end,
          crypt_end, forest_end, elf_end, slime_end, tomb_end, abyss_end,
          pan_hell_end]

Skill      XL: |  1  2  3  4 |
---------------+-------------+-----
Maces & Flails | 4 5 6 |  6.2
Fighting       | 4 6 |  6.0
Dodging        | 4 5 |  5.6

Action                   |  1- 3 |  4- 6 || total
-------------------------+-------+-------++-------
Melee: Mace              |    22 |     5 ||    27
Invok: Berserk           |     1 |       ||     1
  Use: Potion            |       |     2 ||     2
Armor: Animal skin       |     6 |     1 ||     7
Dodge: Dodged            |    11 |     2 ||    13

Table legend: (Time is in decaauts)
 A = Elapsed time spent in this place.
 B = Non-inter-level travel time spent in this place.
 C = Inter-level travel time spent in this place.
 D = Time resting spent in this place.
 E = Time spent auto-exploring this place.
 F = Levels seen in this place.
 G = Mean time per level.
                   A        B        C        D        E       F      G
               +--------+--------+--------+--------+--------+-----+--------+
         Total |    143 |    143 |      0 |    100 |      3 |   1 |  143.0 |
       Dungeon |    143 |    143 |      0 |    100 |      3 |   1 |  143.0 |
               +--------+--------+--------+--------+--------+-----+--------+

Top non-repeatable levels by time:
       D: 143 daAuts
